 Dungeon Crawl Stone Soup version 0.29-a0-184-g2ef5e920f0 (console) character file.

Game seed: 5497383031776676217

5537 Gather the Conjurer (level 10, -8/73 HPs)
             Began as a Mummy Conjurer on Feb 20, 2022.
             Was a Follower of Ashenzari.
             Killed from afar by Harold (11 damage)
             ... with a harpoon shot
             ... on level 9 of the Dungeon on Feb 21, 2022.
             The game lasted 01:13:24 (12724 turns).

Gather the Conjurer (Mummy Conjurer)               Turns: 12724, Time: 01:13:25

Health: -8/73      AC: 11    Str: 10    XL:     10   Next: 43%
Magic:  11/22      EV:  6    Int: 21    God:    Ashenzari [*.....]
Gold:   498        SH:  0    Dex: 12    Spells: 8/25 levels left

rFire   . . .      SeeInvis .   r - +0 dagger (venom)
rCold   + + .      Faith    .   e - +2 buckler of Ouranomancy {Self, Elem} (curse)
rNeg    + + +      Spirit   .   x - +2 robe {rC+ rF+}
rPois   ∞          Reflect  .   w - +0 helmet
rElec   .          Harm     .   t - +0 cloak
rCorr   .          Rampage  .   (no gloves)
Will    +....                   F - +0 pair of boots of Ashenzari's Repose {Bglg, Range} (curse)
Stlth   ++........              (no amulet)
HPRegen 0.22/turn               D - ring of wizardry
MPRegen 0.18/turn               A - +4 ring of protection

@: held
A: cold resistance 1, negative energy resistance 3, torment resistance 2, heat
vulnerability 1, no potions
a: Renounce Religion, Shatter the Chains


You were on level 9 of the Dungeon.
You worshipped Ashenzari.
Ashenzari was aware of your devotion.
You visited 2 branches of the dungeon, and saw 10 of its levels.
You also visited: Ossuary.

You collected 498 gold pieces.

Inventory:

Hand Weapons
 a - a +2 quarterstaff of chaos
 b - a +0 shortbow
 f - a +0 short sword
 j - a +0 dagger
 p - a +0 short sword
 q - a +0 dagger of draining
 r - a +0 dagger of venom (weapon)
 s - a +0 mace
 y - a +0 rapier
 I - a +1 vampiric spear
 L - a +0 long sword
Missiles
 g - 242 stones
 h - 82 arrows
 E - 3 throwing nets
 K - 18 poisoned darts (quivered)
Armour
 e - the cursed +2 buckler of Ouranomancy (worn) {Self, Elem}
   (You found it on level 1 of the Dungeon)

   It has a curse which improves the following skills: Introspection: Fighting
   and Spellcasting.
   Elements:  Fire Magic, Ice Magic, Air Magic and Earth Magic.
 o - a +0 robe
 t - a +0 cloak (worn)
 v - a +0 leather armour
 w - a +0 helmet (worn)
 x - a +2 robe of resistance (worn)
 F - the cursed +0 pair of boots of Ashenzari's Repose (worn) {Bglg, Range}
   (You found it on level 6 of the Dungeon)

   It has a curse which improves the following skills: Beguiling: Conjurations,
   Hexes and Translocations.
   Ranged Combat: Slings, Bows, Crossbows and Throwing.
 H - a scarf of harm
 J - +0 steam dragon scales
Jewellery
 u - a ring of protection from cold
 A - a +4 ring of protection (right hand)
 D - a ring of wizardry (left hand)
 G - a ring of flight
Wands
 n - a wand of flame (27)
 z - a wand of iceblast (24)
 C - a wand of digging (8)
Scrolls
 c - a scroll of enchant weapon
 d - a scroll of amnesia
 i - 3 scrolls of identify
 k - 5 scrolls of teleportation
 l - 3 scrolls of immolation
 m - a scroll of magic mapping
 B - a scroll of fear


   Skills:
 + Level 4.0(4.8) Fighting
 - Level 2.5 Armour
 + Level 3.0 Dodging
 + Level 4.1 Stealth
 + Level 3.3 Shields
 + Level 7.1(8.0) Spellcasting
 + Level 7.2(8.1) Conjurations
 + Level 5.8(6.7) Hexes
 + Level 3.9 Necromancy
 - Level 1.0(1.4) Translocations
 + Level 3.2 Evocations


You had 8 spell levels left.
You knew the following spells:

 Your Spells              Type           Power      Damage    Failure   Level
a - Searing Ray           Conj           84%        2d7       1%          2
b - Magic Dart            Conj           100%       1d8       1%          1
c - Dazzling Flash        Conj/Hex       78%        N/A       1%          3
d - Dispel Undead         Necr           25%        3d12      9%          4
e - Animate Skeleton      Necr           50%        N/A       1%          1
f - Fulminant Prism       Conj/Hex       19%        3d11      1%          4
q - Blink                 Tloc           28%        N/A       3%          2

Your spell library contained the following spells:

 Spells                   Type           Power      Damage    Failure   Level
 Static Discharge         Conj/Air       25%        N/A       1%          2
 Apportation              Tloc           28%        N/A       2%          1
 Freeze                   Ice            32%        1d5       4%          1
 Summon Small Mammal      Summ           32%        N/A       4%          1
 Iskenderun's Mystic Bla  Conj/Tloc      28%        2d7       6%          4
 Hailstorm                Conj/Ice       25%        3d7       8%          4
 Sticky Flame             Conj/Fire      25%        2d5       8%          4
 Frozen Ramparts          Ice            16%        1d3       12%         3
 Manifold Assault         Tloc           14%        N/A       52%         5
 Storm Form               Tmut/Air       Unusable   N/A       N/A         7

Dungeon Overview and Level Annotations

Branches:
Dungeon (9/15)             Temple (1/1) D:6            Lair (0/6) D:9
Ossuary (visited)
    Orc: D:9-12

Altars:
Ashenzari
Cheibriados
Fedhas
Gozag
Hepliaklqana
Kikubaaqudgha
Makhleb
Nemelex Xobeh
Okawaru
Qazlal
Ru
Sif Muna
Uskayaw
Vehumet
Wu Jian
Xom
Yredelemnul
Zin
The Shining One
Lugonu

Shops:
D:3 *   D:8 *

Annotations:
D:6 Sigmund
D:9 Harold


Innate Abilities, Weirdness & Mutations

You are immune to poison.
Your flesh is cold resistant. (rC+)
You are immune to negative energy. (rN+++)
You are immune to unholy pain and torment.
You are vulnerable to heat. (rF-)
You do not drink.


Message History

a +0 robe; a +0 dagger Harold throws a throwing net.
The throwing net hits you.
You become entangled in the net!
You see here a throwing net.
You tear a large gash into the net.
You struggle against the net.
You shred the net and break free!
Harold throws a throwing net.
The throwing net hits you.
You become entangled in the net!
You struggle against the net.
Harold says, "Ah, this is what I got into this business for!"
Harold hits you from afar with a +4 glaive!!
Casting: Fulminant Prism (dangerous; 1% risk of failure)
Confirm with . or Enter, or press ? or * to list all spells.
Aiming: Fulminant Prism (dangerous; 1% risk of failure)
Press: ? - help, Dir - move target You conjure a prism of explosive energy!
A fulminant prism comes into view.
Harold hits you from afar with a +4 glaive!!
Casting: Fulminant Prism (dangerous; 1% risk of failure)
Confirm with . or Enter, or press ? or * to list all spells.
Aiming: Fulminant Prism (dangerous; 1% risk of failure)
Press: ? - help, Dir - move target You conjure a prism of explosive energy!
A fulminant prism comes into view.
Harold hits you from afar with a +4 glaive!
* * * LOW HITPOINT WARNING * * *
Your fulminant prism crackles loudly.
Okay, then.
You struggle against the net.
Harold hits you from afar with a +4 glaive!
* * * LOW HITPOINT WARNING * * *
Your fulminant prism crackles loudly.
Your fulminant prism explodes!
The blast of energy engulfs Harold!!
Harold is moderately wounded.
You hear a shout!
You hear a bellow!
You struggle against the net.
Harold fires a harpoon shot at you. The harpoon shot hits you!
You die...

####...... #.........
#......... #.........
#...##### #...# #...#
#...# #...# #..<# ..
#..@# ..... ####..[#
..... #.....@## ##.....
#......*##...).....##..
#.......#...........#..
#......................
#.............>........
##.#####.)....... ....
#.#....#..P?.... #..
#.#...@##....... #..
#.#.... ##..... #..


You could see Harold (ally target) and a friendly fulminant prism.

Vanquished Creatures
  A two-headed ogre (D:9)
  Maggie (D:7)
  A kobold demonologist (D:9)
  A wyvern (D:8)
  A basilisk (D:9)
  2 water moccasins (D:8)
  Duvessa (D:5)
  4 orc warriors (D:8)
  A black bear (D:9)
  2 sky beasts
  2 necrophages
  An ogre (D:3)
  A centaur (D:7)
  2 kobold brigands
  2 phantoms
  An elf zombie (Ossuary)
  7 gnoll sergeants
  Dowan (D:5)
  A wyvern skeleton (D:7)
  A water moccasin skeleton (D:5)
  4 killer bees (D:6)
  2 howler monkeys
  A crimson imp (D:8)
  5 centaur zombies
  A bullfrog zombie (D:6)
  A bullfrog skeleton (D:5)
  A human zombie (Ossuary)
  Crazy Yiuf (D:3)
  A jelly (D:4)
  2 centaur skeletons (D:7)
  2 gnoll shamans (D:7)
  6 orc priests
  7 hounds (D:7)
  An iguana (D:5)
  Terence (D:3)
  8 orc wizards
  2 hound zombies (Ossuary)
  A hound skeleton (D:4)
  3 mummies (Ossuary)
  A howler monkey zombie (D:6)
  28 gnolls
  6 adders
  A shadow imp (D:7)
  2 white imps
  An ufetubus (D:5)
  6 adder zombies (Ossuary)
  3 worms
  24 orcs
  7 endoplasms
  2 giant cockroaches
  14 goblins
  3 hobgoblins
  4 jackals (D:7)
  8 quokkas
  6 ball pythons
  3 bats (D:1)
  4 frilled lizards
  A gnoll zombie (Ossuary)
  3 goblin zombies (Ossuary)
  4 hobgoblin zombies (Ossuary)
  4 jackal zombies (Ossuary)
  18 kobolds
  2 kobold zombies (Ossuary)
  An orc zombie (Ossuary)
  3 quokka zombies (Ossuary)
  3 rats (D:1)
  2 rat zombies (Ossuary)
  A spectral orc (D:7)
249 creatures vanquished.

Vanquished Creatures (collateral kills)
  2 kobolds (D:7)
2 creatures vanquished.

Vanquished Creatures (others)
  A butterfly (D:6)
  63 fulminant prisms
64 creatures vanquished.

Grand Total: 315 creatures vanquished

Notes
Turn   | Place    | Note
-------+----------+-------------------------------------------
     0 | D:1      | Gather the Mummy Conjurer began the quest for the Orb.
     0 | D:1      | Reached XP level 1. HP: 13/13 MP: 4/4
   380 | D:1      | Reached XP level 2. HP: 16/19 MP: 0/6
   383 | D:1      | Learned a level 2 spell: Searing Ray
  1318 | D:2      | Reached XP level 3. HP: 21/24 MP: 1/8
  2348 | D:3      | Noticed Terence
  2356 | D:3      | Killed Terence
  2357 | D:3      | Reached XP level 4. HP: 19/30 MP: 1/10
  2521 | D:3      | Noticed an ogre
  2525 | D:3      | Killed an ogre
  2526 | D:3      | Reached skill level 5 in Spellcasting
  2526 | D:3      | Reached XP level 5. HP: 31/35 MP: 5/12
  2542 | D:3      | Learned a level 4 spell: Fulminant Prism
  2792 | D:3      | Found a runed translucent door.
  2793 | D:3      | Noticed Crazy Yiuf
  2873 | D:3      | Found Hoaxtax's General Store.
  3251 | D:3      | Killed Crazy Yiuf
  3252 | D:3      | Reached skill level 1 in Hexes
  3469 | D:4      | Found a snail-covered altar of Cheibriados.
  3612 | D:4      | Found an opulent altar of Gozag.
  3732 | D:4      | Noticed a phantom
  3738 | D:4      | Killed a phantom
  3739 | D:4      | Reached skill level 5 in Conjurations
  3739 | D:4      | Reached XP level 6. HP: 36/41 MP: 4/13
  3810 | D:4      | Learned a level 2 spell: Blink
  4201 | D:4      | Found a blossoming altar of Fedhas.
  4221 | D:5      | Entered Level 5 of the Dungeon
  4626 | D:5      | Reached XP level 7. HP: 40/46 MP: 0/14
  4761 | D:5      | Found a sand-covered staircase.
  4773 | Ossuary  | Entered an ossuary
  5075 | Ossuary  | Reached skill level 1 in Armour
  6232 | D:5      | Learned a level 1 spell: Animate Skeleton
  6277 | D:5      | Noticed Dowan
  6278 | D:5      | Noticed Duvessa
  6283 | D:5      | Killed Dowan
  6284 | D:5      | Reached XP level 8. HP: 51/52 MP: 10/15
  6291 | D:5      | Killed Duvessa
  6292 | D:5      | Reached skill level 1 in Necromancy
  6544 | D:5      | Found an ornate altar of the Wu Jian Council.
  7006 | D:5      | Found a hazy altar of Hepliaklqana.
  7286 | D:6      | Reached skill level 1 in Fighting
  7382 | D:6      | Found a staircase to the Ecumenical Temple.
  7397 | Temple   | Entered the Ecumenical Temple
  7443 | Temple   | Became a worshipper of Ashenzari the Shackled
  7513 | D:6      | Reached skill level 1 in Shields
  7513 | D:6      | Reached skill level 1 in Translocations
  7613 | D:6      | Reached skill level 1 in Evocations
  7736 | D:6      | Found a shimmering blue altar of Sif Muna.
  7793 | D:6      | Noticed Sigmund
  7857 | D:6      | Learned a level 4 spell: Dispel Undead
  7966 | D:8      | Found a burning altar of Makhleb.
  7966 | D:8      | Found a radiant altar of Vehumet.
  8233 | D:7      | Reached XP level 9. HP: 50/61 MP: 4/17
  8266 | D:7      | Reached skill level 5 in Hexes
  8441 | D:7      | Noticed Maggie
  9009 | D:7      | HP: 2/62 [Maggie (2)]
  9010 | D:7      | Killed Maggie
  9494 | D:7      | Upgraded the game from 0.29-a0-121-g8efb068a30 to
                  | 0.29-a0-184-g2ef5e920f0
  9575 | D:7      | Learned a level 3 spell: Dazzling Flash
  9615 | D:7      | Identified the +8 hunting sling of Abomination {flame, rN+}
  9876 | D:7      | Found a basalt altar of Yredelemnul.
 10717 | D:7      | Found a sacrificial altar of Ru.
 11209 | D:8      | Reached * piety under Ashenzari
 11506 | D:8      | Reached XP level 10. HP: 54/72 MP: 1/21
 12328 | D:8      | Found Giblohat's General Store.
 12387 | D:9      | Found a staircase to the Lair.
 12387 | D:9      | Noticed an elephant
 12454 | D:9      | Noticed a two-headed ogre
 12469 | D:9      | Killed a two-headed ogre
 12526 | D:9      | Noticed Harold
 12723 | D:9      | HP: 3/73 [Harold (11)]
 12724 | D:9      | Killed from afar by Harold

Illustrated notes

Levels and vault maps discovered:
D:1:      dpeg_arrival_concentric_ovals, layout_basic
D:2:      layout_loops_cross, minmay_diced_spiral
D:3:      layout_rooms, serial_shops, shop_fountains, minmay_ogre_servants,
          uniq_crazy_yiuf_cottage, uniq_terence
D:4:      layout_rooms, grunt_gozag_breadcrumbs, cheibriados_altar_1,
          fedhas_altar_4, abandoned_shop
D:5:      layout_rooms, mainiacjoe_overflow_24_doors, overflow_temple_1_default,
          enter_ossuary_2, uniq_duvessa
D:6:      layout_loops_corners, mainiacjoe_overflow_catwalk,
          nicolae_elyvilon_peaceful_grove, temple_pool_b,
          hangedman_minor_gate_pass, uniq_sigmund
D:7:      layout_cave_pools, nicolae_ru_the_path_less_chosen,
          nicolae_overflow_crystal_walls, yredelemnul_forgotten_temple_becter,
          serial_gnoll_camp, gnoll_camp_mini_house, gnoll_camp_mini_basic,
          gnoll_camp_huts_moat, gnoll_camp_mini_sergeant, gnoll_camp_mini_hut,
          bh_walls_and_bars, uniq_maggie
D:8:      layout_loops_ring, grunt_temple_overflow_lords_of_destruction,
          serial_shops, nicolae_shop_statue_plus, chequers_serial_rivers_micro_d
D:9:      minmay_octagon_keep, layout_irregular_city, grunt_dithmenos_shadows,
          david_lair_generic, orc_0_dummy, hangedman_abyss_or_decor_stabs,
          uniq_pikel, uniq_harold
Temple:   corrupted_temple

Skill      XL: |  1  2  3  4  5  6  7  8  9 10 |
---------------+-------------------------------+-----
Spellcasting   | 3 4 5 6 7 |  7.1
Conjurations   | 4 5 6 7 |  7.2
Hexes          | 1 3 4 5 |  5.8
Armour         | 2 |  2.5
Necromancy     | 2 3 |  3.9
Fighting       | 2 3 4 |  4.0
Stealth        | 2 3 4 |  4.1
Shields        | 1 2 3 |  3.3
Translocations | 1 |  1.0
Evocations     | 1 2 3 |  3.2
Dodging        | 2 3 |  3.0

Action                   |  1- 3 |  4- 6 |  7- 9 | 10-12 || total
-------------------------+-------+-------+-------+-------++-------
Melee: Quarterstaff      |       |     1 |    26 |       ||    27
       Shortbow          |       |     1 |       |       ||     1
       Mace              |       |       |    10 |       ||    10
       Long sword        |       |       |     7 |     5 ||    12
       Dagger            |       |       |       |     4 ||     4
 Fire: Shortbow          |    19 |    25 |    61 |       ||   105
Throw: Stone             |       |       |     2 |       ||     2
       Dart              |       |       |     1 |       ||     1
 Cast: Magic Dart        |    17 |       |       |       ||    17
       Searing Ray       |    28 |    27 |    87 |     8 ||   150
       Fulminant Prism   |       |       |    44 |    21 ||    65
       Blink             |       |       |     3 |       ||     3
       Animate Skeleton  |       |       |    11 |     1 ||    12
       Dispel Undead     |       |       |     3 |       ||     3
       Dazzling Flash    |       |       |       |     2 ||     2
Invok: Curse Item        |       |       |     2 |       ||     2
Evoke: Wand              |       |       |    20 |       ||    20
  Use: Scroll            |       |     8 |     6 |     1 ||    15
 Stab: Invisible         |       |       |       |     1 ||     1
Armor: Robe              |     7 |       |    74 |     4 ||    85
       Leather armour    |       |    10 |    40 |       ||    50
Dodge: Dodged            |    15 |    13 |   158 |    11 ||   197
Block: Buckler           |       |       |    14 |     4 ||    18

Table legend: (Time is in decaauts)
 A = Elapsed time spent in this place.
 B = Non-inter-level travel time spent in this place.
 C = Inter-level travel time spent in this place.
 D = Time resting spent in this place.
 E = Time spent auto-exploring this place.
 F = Levels seen in this place.
 G = Mean time per level.
                   A        B        C        D        E       F      G
               +--------+--------+--------+--------+--------+-----+--------+
         Total |  12771 |  12446 |    325 |   1962 |   8086 |  11 | 1161.0 |
       Dungeon |  11409 |  11113 |    296 |   1937 |   7094 |   9 | 1267.7 |
        Temple |     63 |     34 |     29 |      0 |     25 |   1 |   63.0 |
       Ossuary |   1298 |   1298 |      0 |     25 |    966 |   1 | 1298.0 |
               +--------+--------+--------+--------+--------+-----+--------+

Top non-repeatable levels by time:
     D:7: 3164 daAuts
     D:8: 1525 daAuts
     D:5: 1330 daAuts
 Ossuary: 1298 daAuts
     D:1: 1206 daAuts
     D:3: 1201 daAuts
     D:4: 1161 daAuts
     D:2: 1052 daAuts
     D:6: 583 daAuts
     D:9: 183 daAuts
  Temple: 63 daAuts
